Match 46744697
Unlisted

Match 46744697
End
Vickers Machine Gun Team
Construct Section Command Post
Selects Canadian Shock Battlegroup
Dingo Light Scout Car
Infantry Section
Infantry Section
Infantry Section
Selects Offensive Resupply
Selects Canadian Shock Section
Canadian Shock Section
Selects Incendiary Munitions
Grenade Package
Construct Platoon Command Post
6-pounder Anti-tank Gun Team
Canadian Shock Section
Selects Pyrotechnics
anioki
Sky Blues
Incompetent Strategist
Spooky
oli-x
NZT-48-
不满意来打我啊
蒙飞
0
0

Comments sign in to comment!

No comments posted yet!